 Dungeon Crawl Stone Soup version 0.31-a0-229-g1fc7ce93e2 (webtiles) character file.

Game seed: 16050582166010385354

45 qw the Shooter (level 3, -5/29 HPs)
             Began as a Minotaur Hexslinger on July 6, 2023.
             Slain by a gnoll
             ... wielding a +0 spear
              (7 damage)
             ... on level 2 of the Dungeon.
             The game lasted 00:00:25 (1073 turns).

qw the Shooter (Minotaur Hexslinger)                Turns: 1073, Time: 00:00:26

Health: -5/29      AC:  5    Str: 12    XL:     3   Next: 42%
Magic:  3/3        EV: 11    Int: 10    God:
Gold:   121        SH:  0    Dex: 14    Spells: 3/4 levels left

rFire   . . .        Y - +1 sling
rCold   . . .        (no shield)
rNeg    . . .        i - +0 ring mail
rPois   .            (helmet restricted)
rElec   .            (no cloak)
rCorr   .            (no gloves)
SInv    .            (no boots)
Will    .....        (no amulet)
Stlth   +            (no ring)
HPRegen 0.24/turn    (no ring)
MPRegen 0.08/turn

%: no passive effects
@: no status effects
A: horns 2, retaliatory headbutt
a: no special abilities


You were on level 2 of the Dungeon.
You visited 1 branch of the dungeon, and saw 2 of its levels.

You collected 121 gold pieces.


Innate Abilities, Weirdness & Mutations

You have a pair of horns on your head.
You reflexively headbutt those who attack you in melee.


   Skills:
 - Level 2.0 Fighting
 - Level 4.0 Ranged Weapons
 + Level 0.0 Armour
 - Level 2.1 Dodging
 - Level 1.0 Spellcasting
 - Level 2.0 Hexes


You had 3 spell levels left.
You knew the following spells:

 Your Spells              Type           Power      Damage    Failure   Level
a - Slow                  Hex            16%        N/A       34%         1

Your spell library contained the following spells:

 Spells                   Type           Power      Damage    Failure   Level
 Inner Flame              Hex/Fire       2%         N/A       83%         3
 Portal Projectile        Hex/Tloc       4%         N/A       83%         3
 Cause Fear               Hex            2%         N/A       98%         4

Inventory:

Hand Weapons
 Y - a +1 sling (weapon)
Armour
 a - a +0 pair of gloves
 i - a +0 ring mail (worn)
Scrolls
 b - a scroll of identify
 c - a scroll of torment {unknown}
 d - 2 scrolls of acquirement {unknown}
Potions
 e - a potion of lignification {unknown}
 g - 2 potions of curing {unknown}
 h - a potion of heal wounds {unknown}

Dungeon Overview and Level Annotations

Branches:
Dungeon (2/15)

Altars:
Makhleb


Message History

Enter note:
Enter note:
Enter note: You shoot a sling bullet.
The sling bullet hits the hobgoblin.
You kill the hobgoblin!
You hear a shout! x2 2 gnolls come into view.
Found a gold piece.
The gnoll shouts! x2
Enter note:
Enter note:
Enter note:
Enter note:
Enter note:
Enter note:
1068 ||| Stepping ~*~*~tactically~*~*~ (outnumbered).
The gnoll barely misses you.
You shoot a sling bullet.
The sling bullet hits the gnoll but does no damage.
The gnoll closely misses you. The gnoll hits you with a +0 spear.
The gnoll hits you with a +0 club. The gnoll barely misses you. x2
The gnoll hits you from afar with a +0 spear.
The gnoll hits you but does no damage.
You shoot a sling bullet.
The sling bullet closely misses the gnoll.
The sling bullet hits the gnoll.
The gnoll is heavily wounded.
The gnoll hits you with a +0 spear. The gnoll closely misses you.
The gnoll hits you with a +0 club. The gnoll completely misses you.
You shoot a sling bullet.
The sling bullet barely misses the gnoll.
The sling bullet hits the gnoll!
You kill the gnoll!
The gnoll hits you but does no damage. The gnoll hits you with a +0 club.
Your Ranged Weapons skill increases to level 4!
You shoot a sling bullet. The sling bullet hits the gnoll.
The gnoll is moderately wounded.
The gnoll closely misses you. You furiously retaliate!
You headbutt the gnoll!
The gnoll hits you from afar with a +0 spear!
You die...

###.#.#.# #..
... ..#
#...#.## #.<
.8. >.#
##..#.## #...
... ...#
##...##
##...##.##...##
#.#...
....%..........
#.###.
.......g.).....
#.# ##
..$....gg......
#.# # ##@## #.#
# #...# ###.# #
#.8.# ##...# #
#...# #..### #
#...# #.## #
#...#######.#
#...........#
#############


You could see 3 gnolls.

Vanquished Creatures
  A gnoll (D:2)
  A dart slug (D:1)
  6 ball pythons
  2 endoplasms
  2 giant cockroaches (D:1)
  3 goblins
  2 hobgoblins
  2 jackals (D:1)
  2 kobolds
  4 quokkas
  A bat (D:2)
  A frilled lizard (D:2)
  3 rats
30 creatures vanquished.

Notes
Turn   | Place    | Note
-------+----------+-------------------------------------------
     0 | D:1      | qw the Minotaur Hexslinger began the quest for the Orb.
     0 | D:1      | Reached XP level 1. HP: 16/16 MP: 1/1
     0 | D:1      | 0 ||| qw: Version: 0.3-a-46-gb1f654a
     0 | D:1      | 0 ||| qw: Game counter: 1255
     0 | D:1      | 0 ||| qw: Melee chars always use a shield: true
     0 | D:1      | 0 ||| qw: God list: Okawaru
     0 | D:1      | 0 ||| qw: Allow faded altars: false
     0 | D:1      | 0 ||| qw: Do Orc after clearing Dungeon:15 true
     0 | D:1      | 0 ||| qw: Do second Lair branch before Depths: true
     0 | D:1      | 0 ||| qw: Lair rune preference: random
     0 | D:1      | 0 ||| qw: Goals: Normal
     0 | D:1      | 0 ||| PLANNING D:1-11
    80 | D:1      | 80 ||| FLEEEEING.
    82 | D:1      | 82 ||| FLEEEEING.
    83 | D:1      | 83 ||| FLEEEEING.
    84 | D:1      | 84 ||| FLEEEEING.
    85 | D:1      | 85 ||| FLEEEEING.
   180 | D:1      | Reached skill level 3 in Ranged Weapons
   241 | D:1      | Reached XP level 2. HP: 23/23 MP: 2/2
   766 | D:1      | 766 ||| UPGRADING to +0 ring mail.
   776 | D:1      | 776 ||| DROPPING +0 robe.
   777 | D:1      | 777 ||| DROPPING ring of flight.
   778 | D:1      | 778 ||| READING 2 scrolls labelled CUELO LYMECLEA.
   779 | D:1      | 779 ||| READING scroll labelled GAGOQIOPITT.
   780 | D:1      | 780 ||| READING scroll labelled WEHIC CATUOKAP.
   783 | D:1      | 783 ||| DROPPING scroll of fog.
   784 | D:1      | 784 ||| DROPPING scroll of poison.
   873 | D:2      | Found a burning altar of Makhleb.
   927 | D:2      | Reached XP level 3. HP: 29/29 MP: 3/3
  1065 | D:2      | 1065 ||| Stepping ~*~*~tactically~*~*~ (outnumbered).
  1068 | D:2      | 1068 ||| Stepping ~*~*~tactically~*~*~ (outnumbered).
  1072 | D:2      | HP: 2/29 [gnoll/+0 club (6)]
  1073 | D:2      | Reached skill level 4 in Ranged Weapons
  1073 | D:2      | Slain by a gnoll

Levels and vault maps discovered:
D:1:      amcnicky_arrival_feature_with_door, layout_basic
D:2:      layout_rooms, basic_altar, nicolae_elevator_lobby_plus

Skill      XL: |  1  2  3 |
---------------+----------+-----
Ranged Weapons | 3 4 |  4.0
Fighting       | 2 |  2.0
Dodging        | |  2.1
Spellcasting   | |  1.0
Hexes          | |  2.0

Action                     || total
---------------------------++-------
   Fire: Sling             ||    82
    Use: Scroll            ||     3
 Armour: Robe              ||     3
         Ring mail         ||     6
  Dodge: Dodged            ||    22

Table legend:
 A = Non-vault XP
 B = Vault XP
 C = Vault XP percentage of total XP
 D = Non-vault monster count
 E = Vault monster count
 F = Vault count percentage of total count
                 A         B        C        D         E       F
            +---------+---------+-------+---------+---------+-------
      Total |      65 |       0 |   0.0 |      30 |       0 |   0.0
            +---------+---------+-------+---------+---------+-------
        D:1 |      34 |       0 |   0.0 |      17 |       0 |   0.0
        D:2 |      31 |       0 |   0.0 |      13 |       0 |   0.0
            +---------+---------+-------+---------+---------+-------
